 Dungeon Crawl Stone Soup version 0.24.1-4-ge52af88ad5 (webtiles) character file.

Game seed: 2611458607860308635, levelgen mode: deterministic

1279 MajorAdolf the Chopper (level 8, -1/73 HPs)
             Began as a Naga Wanderer on Apr 16, 2020.
             Slain by a steam dragon (5 damage)
             ... on level 7 of the Dungeon.
             The game lasted 00:16:17 (8458 turns).

MajorAdolf the Chopper (Naga Wanderer)              Turns: 8458, Time: 00:16:18

Health: -1/73      AC:  9    Str: 16    XL:     8   Next: 54%
Magic:  11/11      EV:  4    Int: 12    God:
Gold:   120        SH:  0    Dex: 12    Spells: 11/11 levels left

rFire    . . .     SeeInvis +   u - +0 war axe
rCold    + . .     Gourm    .   (no shield)
rNeg     . . .     Faith    .   l - +2 chain mail {rC+}
rPois    +         Spirit   .   (no helmet)
rElec    .         Reflect  .   (no cloak)
rCorr    .         Harm     .   (no gloves)
MR       +....                  (no barding)
Stlth    ..........             (no amulet)
HPRegen  0.22/turn              (no ring)
MPRegen  0.12/turn              (no ring)

@: confused, very slow
A: large, see invisible, deformed body, poison resistance, slowness 2, slow
metabolism 1, spit poison 1, AC +2
a: Spit Poison


You were on level 7 of the Dungeon.
You were not hungry.

You visited 1 branch of the dungeon, and saw 7 of its levels.

You collected 315 gold pieces.
You spent 195 gold pieces at shops.

Inventory:

Hand Weapons
 i - a +1 antimagic dagger
 u - a +0 war axe (weapon)
Missiles
 c - 16 poisoned darts (quivered)
Armour
 l - a +2 chain mail of cold resistance (worn)
Jewellery
 o - an uncursed ring of fire {unknown}
Wands
 k - a wand of polymorph (9)
 m - a wand of iceblast (1)
 x - a wand of digging (5)
Scrolls
 e - 3 scrolls of identify
 g - a scroll of fear
 h - 3 scrolls of enchant armour
 j - 2 scrolls of remove curse
 n - 3 scrolls of teleportation
 v - a scroll of random uselessness
Potions
 b - 3 potions of haste
 d - 2 potions of degeneration
 p - 6 potions of curing
 r - a potion of flight
 s - a potion of cancellation {unknown}
 t - 2 potions of invisibility {unknown}
 w - a potion of resistance {unknown}
Comestibles
 f - 13 rations


   Skills:
 - Level 4.3 Fighting
 + Level 7.4 Axes
 - Level 1.0 Throwing
 + Level 2.9 Armour
 - Level 3.0 Stealth
   Level 1.0 Shields
 - Level 2.0 Spellcasting
   Level 5.0 Summonings
   Level 1.0 Necromancy
 + Level 1.6 Evocations


You had 11 spell levels left.
You didn't know any spells.
Your spell library contained the following spells:

 Spells                   Type           Power        Failure   Level  Hunger
 Summon Small Mammal      Summ           ##..         52%         1    ##.....
 Call Imp                 Summ           ##......     67%         2    ###....
 Call Canine Familiar     Summ           ##......     88%         3    ####...
 Sting                    Conj/Pois      #...         99%         1    ##.....
 Summon Guardian Golem    Hex/Summ       #.......     99%         3    ####...
 Dazzling Spray           Conj/Hex       #.....       100%        3    ####...
 Summon Ice Beast         Ice/Summ       #.......     100%        4    #####..
 Summon Lightning Spire   Summ/Air       #.......     100%        4    #####..


Dungeon Overview and Level Annotations

Branches:
Dungeon (7/15)
 Temple: D:4-7

Altars:
Kikubaaqudgha
Nemelex Xobeh
Trog
Xom

Shops:
D:5 [   D:6 %

Annotations:
D:2 Sigmund


Innate Abilities, Weirdness & Mutations

You cannot wear boots.
Your serpentine skin is tough. (AC +2)
You have supernaturally acute eyesight. (SInv)
Armour fits poorly on your strangely shaped body.
Your system is resistant to poisons. (rPois)
You cover ground very slowly.
You have a slow metabolism.
You can spit poison.


Message History

The steam dragon bites you.
* * * LOW HITPOINT WARNING * * *
The steam dragon claws you but does no damage.
You are confused.
You feel invigorated. The steam dragon bites you.
* * * LOW HITPOINT WARNING * * *
The steam dragon claws you.
* * * LOW HITPOINT WARNING * * *
Unknown command.
The steam dragon breathes steam at you. The ball of steam hits you!
* * * LOW HITPOINT WARNING * * *
You barely miss the steam dragon.
The steam dragon is moderately wounded.
The steam dragon bites you.
* * * LOW HITPOINT WARNING * * *
The steam dragon claws you.
* * * LOW HITPOINT WARNING * * *
The steam dragon bites you.
You die...

##...#..........
.. .............
#.. ...........
#... ##.........
#....#..........
........[.......
.#.###.<.).....
#.#.###§D.......
.......@.§......
#....§§§§§...$..
#....#.§§.......
.....##§§.......
.#.# #.........
#. ##........
##......#
..#.###


You could see a steam dragon.

Vanquished Creatures
  A hippogriff (D:5)
  A phantom (D:4)
  An ice beast (D:5)
  A centaur (D:6)
  A scorpion (D:6)
  2 howler monkeys
  A crimson imp (D:6)
  A bullfrog zombie (D:7)
  A centaur skeleton (D:6)
  2 hounds
  A jelly (D:7)
  2 orc wizards (D:6)
  An orc priest (D:6)
  An iguana (D:4)
  2 bullfrog skeletons
  Ijyb (D:3)
  4 worker ants
  2 worker ant zombies (D:6)
  3 gnolls
  10 adders
  2 worms
  A dart slug (D:1)
  2 leopard geckos
  14 orcs
  3 bats
  6 giant cockroaches
  4 goblins (D:1)
  6 hobgoblins
  10 jackals
  8 kobolds
  4 quokkas
  2 ball pythons
  2 frilled lizards
  7 rats
110 creatures vanquished.

Vanquished Creatures (others)
  An adder zombie (D:7)
1 creature vanquished.

Grand Total: 111 creatures vanquished

Notes
Turn   | Place    | Note
-------+----------+-------------------------------------------
     0 | D:1      | MajorAdolf the Naga Wanderer began the quest for the Orb.
     0 | D:1      | MajorAdolf set off with the following items: a +0 dagger,
                  | 11 poisoned darts, a +0 robe, a ration; and the following
                  | spells available to memorise: Summon Small Mammal, Call
                  | Imp, Call Canine Familiar, Sting, Summon Guardian Golem,
                  | Dazzling Spray, Summon Ice Beast, Summon Lightning Spire
     0 | D:1      | Reached XP level 1. HP: 15/15 MP: 3/3
    69 | D:1      | Reached skill level 1 in Stealth
   189 | D:1      | Reached XP level 2. HP: 22/22 MP: 1/5
   799 | D:1      | Reached skill level 1 in Fighting
  1038 | D:1      | Reached XP level 3. HP: 27/31 MP: 2/6
  1630 | D:2      | Noticed Sigmund
  1962 | D:2      | Reached XP level 4. HP: 31/40 MP: 2/7
  2439 | D:3      | Noticed Ijyb
  2660 | D:3      | Killed Ijyb
  2660 | D:3      | Reached XP level 5. HP: 13/50 MP: 2/8
  2924 | D:3      | Found a sparkling altar of Nemelex Xobeh.
  3162 | D:3      | Found an ancient bone altar of Kikubaaqudgha.
  3693 | D:4      | Reached skill level 1 in Evocations
  4298 | D:4      | Reached skill level 1 in Axes
  4298 | D:4      | Reached XP level 6. HP: 22/58 MP: 5/9
  4546 | D:4      | Reached skill level 2 in Axes
  4552 | D:4      | Reached skill level 3 in Axes
  5061 | D:5      | Entered Level 5 of the Dungeon
  5061 | D:5      | Noticed a phantom
  5094 | D:4      | Killed a phantom
  5094 | D:4      | Reached skill level 4 in Axes
  5094 | D:4      | Reached XP level 7. HP: 34/66 MP: 10/10
  5782 | D:5      | Reached skill level 5 in Axes
  5980 | D:5      | Noticed a hippogriff
  5995 | D:5      | Killed a hippogriff
  5995 | D:5      | Reached skill level 6 in Axes
  6377 | D:5      | Found Batenluh's Antique Armour Boutique.
  6385 | D:5      | Bought a glowing chain mail for 195 gold pieces
  6570 | D:6      | Found Pirelufe's Food Boutique.
  6581 | D:6      | Found a bloodstained altar of Trog.
  6927 | D:6      | Reached skill level 1 in Armour
  6927 | D:6      | Reached XP level 8. HP: 55/73 MP: 11/11
  7431 | D:6      | Reached skill level 7 in Axes
  8148 | D:6      | Found a shimmering altar of Xom.
  8456 | D:7      | HP: 2/73 [steam dragon/ball of steam (11)]
  8458 | D:7      | Slain by a steam dragon

Levels and vault maps discovered:
D:1:      dpeg_arrival_pond, layout_loops_corners
D:2:      layout_basic, uniq_sigmund
D:3:      layout_basic, lemuel_doored_altar, first_ration,
          nemelex_diamond_rough_becter, uniq_ijyb
D:4:      layout_cave_pools, st_stairs_5
D:5:      layout_loops_ring, serial_shops, shop, roderic_filled_cross,
          kennysheep_dice
D:6:      minmay_bubble_buster, layout_loops_ring,
          nicolae_overflow_hidden_temple, serial_shops,
          nicolae_shop_temple_entry_statues_fountains
D:7:      layout_rooms, minmay_temple_entry_poolview

Skill      XL: |  1  2  3  4  5  6  7  8 |
---------------+-------------------------+-----
Stealth        | 2 3 |  3.0
Fighting       | 1 2 3 4 |  4.3
Evocations     | 1 |  1.6
Axes           | 1 4 6 7 |  7.4
Armour         | 1 2 |  2.9
Throwing       | |  1.0
Shields        | |  1.0
Spellcasting   | |  2.0
Summonings     | |  5.0
Necromancy     | |  1.0

Action                   |  1- 3 |  4- 6 |  7- 9 || total
-------------------------+-------+-------+-------++-------
Melee: Dagger            |    44 |   133 |       ||   177
       War axe           |       |    37 |   174 ||   211
Throw: Dart              |     1 |     1 |       ||     2
 Abil: Spit Poison       |    26 |    36 |     6 ||    68
Evoke: Wand              |       |    13 |    10 ||    23
  Use: Scroll            |       |    11 |     4 ||    15
       Potion            |       |       |     3 ||     3
  Eat: Chunk             |     3 |    10 |    10 ||    23
Armor: Robe              |     2 |       |       ||     2
       Ring mail         |    12 |       |       ||    12
       Scale mail        |     2 |    87 |    37 ||   126
       Chain mail        |       |       |    65 ||    65
       Skin              |       |       |     6 ||     6
Dodge: Dodged            |    28 |    84 |    46 ||   158
